Map: Lerilak Crest

Players

hitman

  • Race: Zerg Zerg
  • League: Gold

lesha - Winner!

  • Race: Terran Terran
  • League: Gold

VOD

Have the link to the VOD?

Description

Time

  • Played on: Jan. 15, 2016, 8:21 a.m.
  • Length: 18:00
Show
View Real Time Build Order
Export as new Build Order

hitman Zerg 

Build Orders: Hatch First 

Get SALT Encoding   

  12  0:03  Drone  
  13  0:10  Drone  
  14  0:17  Overlord  
  14  0:35  Drone  
  15  0:36  Drone  
  15  0:37  Drone  
  17  0:46  Drone  
  18  1:00  Hatchery, Drone  
  18  1:07  Extractor  
  18  1:08  Drone  
  18  1:21  Spawning Pool  
  18  1:22  Drone  
  18  1:32  Drone  
  19  1:40  Drone  
  20  1:51  Drone  
  21  2:01  Drone  
  22  2:15  Queen  
  22  2:17  Queen  
  22  2:22  Metabolic Boost  
  26  2:24  Zergling x4  
  26  2:27  Overlord  
  28  2:38  Overlord  
  28  2:51  Zergling x2  
  28  2:52  Zergling x6  
  31  3:06  Drone x3  
  31  3:07  Drone  
  35  3:35  Drone x8  
  43  3:41  Hatchery  
  42  3:56  Roach Warren  
  42  3:57  Drone  
  42  3:58  Drone, Extractor  
  42  4:18  Drone  
  42  4:19  Overlord x2  
  42  4:20  Overlord  
  43  4:31  Spine Crawler  
  42  4:34  Drone  
  42  4:38  Overlord x3  
  43  4:41  Roach x2  
  47  4:52  Queen  
  49  4:55  Drone x5  
  54  5:04  Roach x2  
  58  5:13  Extractor  
  57  5:14  Queen, Extractor  
  57  5:19  Spore Crawler  
  57  5:25  Evolution Chamber  
  57  5:28  Evolution Chamber  
  55  5:30  Drone x2  
  55  5:31  Drone  
  55  5:32  Drone x3  
  55  5:34  Roach x4  
  69  5:40  Lair  
  69  5:45  Spore Crawler  
  68  5:52  Overlord  
  68  5:53  Overlord  
  68  6:00  Zerg Ground Armor Level 1, Zerg Melee Weapons Level 1  
  69  6:04  Drone x3  
  71  6:12  Drone  
  71  6:13  Drone x7  
  71  6:14  Drone  
  71  6:17  Overlord  
  80  6:31  Overlord  
  80  6:39  Roach  
  81  6:40  Roach x6  
  88  6:52  Drone  
  88  6:53  Drone  
  89  6:56  Glial Reconstitution  
  89  7:05  Hydralisk Den  
  88  7:12  Drone  
  88  7:13  Drone x8  
  97  7:27  Overseer  
  97  7:37  Extractor  
  97  7:38  Extractor  
  95  7:47  Muscular Augments  
  95  7:48  Hydralisk  
  95  7:49  Hydralisk x13, Infestation Pit  
  122  8:12  Drone  
  123  8:13  Drone x2  
  123  8:14  Drone  
  123  8:15  Drone x2  
  123  8:18  Zergling x2  
  129  8:21  Hatchery, Overlord x2  
  129  8:22  Overlord x2  
  129  8:26  Zerg Ground Armor Level 2, Zerg Melee Weapons Level 2  
  128  8:37  Hive  
  128  8:42  Drone x8  
  136  8:54  Overseer  
  136  9:01  Zergling x2  
  137  9:03  Zergling x4  
  139  9:17  Zergling x8  
  139  9:18  Zergling x10  
  119  9:36  Roach  
  119  9:37  Roach x4  
  95  9:49  Roach x6  
  95  9:50  Roach  
  101  9:55  Roach  
  93  10:04  Roach x4  
  79  10:19  Roach  
  79  10:20  Roach x9  
  96  10:22  Ultralisk Cavern  
  83  10:36  Roach  
  83  10:37  Roach x3  
  81  10:45  Roach  
  81  10:47  Roach x4  
  83  10:54  Queen  
  85  10:57  Roach x4  
  83  11:07  Roach x2  
  72  11:16  Ultralisk x3  
  83  11:25  Zergling x2  
  83  11:26  Zergling x4  
  85  11:45  Spawning Pool  
  61  12:36  Zergling x18  
  62  12:42  Hatchery  
  61  12:55  Extractor  
  61  12:56  Lair  
  60  12:58  Hatchery  
  60  13:01  Drone  
  60  13:02  Drone x4, Roach Warren  
  63  13:18  Drone x2  
  63  13:19  Drone x3  
  68  13:33  Hatchery  
  67  13:41  Roach Warren  
  67  13:44  Baneling Nest, Zergling x2  
  67  13:45  Zergling x10  
  71  13:52  Drone, Extractor  
  71  13:53  Drone  
  72  14:01  Infestation Pit  
  56  14:23  Drone  
  57  14:24  Drone x8  
  57  14:25  Drone x2  
  67  14:32  Queen  
  69  14:50  Hive  
  69  14:51  Evolution Chamber  
  69  14:52  Evolution Chamber  
  67  14:54  Roach  
  67  14:55  Roach x12  
  93  15:11  Drone x8  
  101  15:24  Centrifical Hooks  
  101  15:26  Zergling x12  
  107  15:51  Zergling x2  
  107  15:52  Zergling x8  
  108  15:57  Baneling x2  
  108  15:58  Baneling x6  
  88  16:19  Ultralisk Cavern  
  62  16:34  Overlord x3  
  60  16:50  Baneling  
  60  16:51  Baneling x2  
  59  17:06  Ultralisk  
  59  17:07  Ultralisk x3  
  76  17:26  Overlord x2  
Show
View Real Time Build Order
Export as new Build Order

lesha Terran - Winner!

Build Orders: Reaper Expand, MMM Bio 

Get SALT Encoding   

  12  0:01  SCV  
  13  0:13  SCV  
  14  0:17  Supply Depot  
  14  0:25  SCV  
  15  0:39  SCV  
  15  0:41  Barracks  
  16  0:47  Refinery  
  16  0:51  SCV  
  17  1:03  SCV  
  18  1:15  SCV  
  19  1:28  Orbital Command  
  19  1:31  Reaper  
  20  1:45  Command Center  
  20  1:55  SCV  
  21  2:04  Refinery  
  21  2:13  SCV, Factory  
  22  2:25  SCV  
  23  2:32  Barracks Reactor  
  23  2:39  Supply Depot  
  23  2:57  SCV  
  24  3:02  Factory Reactor  
  24  3:09  SCV  
  25  3:13  Marine x2  
  27  3:21  SCV  
  27  3:25  Barracks  
  27  3:26  Barracks  
  28  3:28  Starport  
  28  3:33  SCV  
  28  3:34  Orbital Command  
  29  3:40  Marine x2  
  31  3:41  Hellion  
  31  3:42  Hellion  
  31  3:45  SCV  
  36  3:57  SCV, Marine  
  36  3:58  Marine  
  37  4:10  SCV  
  37  4:15  SCV  
  38  4:17  Marine  
  38  4:18  Marine  
  38  4:19  Barracks Reactor  
  38  4:20  Barracks Tech Lab  
  38  4:21  Starport Reactor  
  38  4:22  SCV  
  41  4:25  Hellion x2  
  41  4:28  SCV  
  46  4:48  Supply Depot  
  46  4:49  Supply Depot  
  46  4:51  Supply Depot x2  
  46  4:52  Stimpack  
  46  5:00  Engineering Bay  
  46  5:09  Marine x4  
  46  5:10  SCV x2  
  52  5:15  Bunker  
  52  5:18  Supply Depot  
  52  5:20  Medivac x2, Marauder  
  58  5:22  SCV x2  
  60  5:30  Factory Tech Lab  
  60  5:31  Barracks  
  60  5:38  SCV x2  
  62  5:43  Refinery  
  62  5:45  Refinery  
  62  5:46  Marine x3  
  62  5:47  Marine  
  62  5:49  Siege Tank, Marauder  
  71  5:50  SCV x2  
  73  6:09  SCV x2  
  73  6:11  Terran Infantry Weapons Level 1  
  75  6:18  Engineering Bay  
  75  6:21  SCV x2, Armory, Marine x3  
  75  6:22  Marine x3  
  75  6:24  Marauder  
  85  6:37  SCV  
  86  6:44  SCV, Marine  
  86  6:49  SCV  
  81  6:54  Marine x4  
  81  6:56  SCV  
  86  7:06  Supply Depot x2  
  86  7:07  Supply Depot  
  86  7:08  SCV x2  
  87  7:09  Command Center, Marine  
  87  7:13  Marauder  
  87  7:14  Marine  
  92  7:18  Terran Infantry Armor Level 1  
  92  7:20  SCV  
  93  7:23  Marine  
  93  7:24  Marine x2  
  93  7:25  Marine  
  97  7:31  Marine  
  97  7:32  Medivac  
  97  7:36  Combat Shields  
  100  7:44  Marine x3  
  100  7:45  Marine x2  
  100  7:46  Marauder  
  100  7:47  Siege Tank  
  110  7:54  Supply Depot  
  110  7:58  Supply Depot  
  110  7:59  Supply Depot  
  110  8:04  Marine x3  
  110  8:05  Marine x3  
  118  8:20  Siege Tank, Marauder  
  118  8:22  Marine x4  
  118  8:23  Marine x2  
  127  8:36  SCV x2  
  129  8:45  Terran Infantry Weapons Level 2, Barracks x2  
  129  8:46  Barracks  
  129  8:48  SCV  
  129  8:49  SCV  
  131  9:01  SCV x2  
  133  9:03  Orbital Command  
  132  9:16  Marine x5  
  139  9:17  Marauder  
  139  9:18  Medivac x2  
  113  9:38  Marauder  
  113  9:39  Marine x5  
  113  9:40  Marine  
  116  10:00  Marauder  
  116  10:02  Marine x6  
  116  10:06  Medivac x2  
  116  10:07  Siege Tank  
  124  10:19  Marine x2  
  124  10:27  SCV x3  
  126  10:42  Marine x3  
  125  10:43  Marine x3  
  125  10:44  Marauder  
  121  11:05  Marauder  
  119  11:13  Marine x6  
  119  11:15  Medivac  
  119  11:16  Siege Tank  
  116  11:44  Marine x3  
  116  11:45  Marine x4  
  121  11:51  Barracks Reactor x2  
  121  11:52  Barracks Tech Lab  
  121  12:01  SCV x3  
  121  12:03  Marine x6  
  121  12:05  Siege Tank  
  121  12:06  Medivac x2  
  121  12:08  Marauder  
  138  12:13  SCV  
  106  12:34  Marine x6  
  103  12:37  Marine  
  103  12:38  Marine x5  
  103  12:42  Siege Tank  
  110  12:51  Marine x2  
  110  12:52  Marine x4  
  110  12:53  Command Center  
  110  12:57  Marauder x2  
  120  13:02  Marine x3  
  120  13:05  Medivac x2  
  127  13:09  Terran Infantry Weapons Level 3, Terran Infantry Armor Level 2  
  127  13:11  Concussive Shells  
  127  13:14  Siege Tank  
  127  13:15  Marine x4  
  127  13:16  Marine x3  
  127  13:18  Marauder x2  
  141  13:27  Command Center  
  141  13:36  Marine x7  
  141  13:37  Marine x3  
  141  13:39  Marauder, Marine  
  154  13:41  Viking x2  
  154  13:46  Siege Tank  
  157  14:20  Orbital Command, Marine x2  
  157  14:21  Marine x6  
  157  14:23  Marauder x2  
  163  14:25  Siege Tank  
  166  14:34  Supply Depot  
  166  14:35  Supply Depot  
  166  14:41  Supply Depot  
  166  14:45  Marauder x2  
  170  14:55  Marine  
  170  14:56  Marine x6  
  170  14:57  Marine x3  
  170  14:59  Siege Tank  
  183  15:05  Refinery  
  183  15:06  Marauder x2  
  187  15:08  Refinery  
  187  15:27  Marauder  
  189  15:38  SCV x2  
  191  16:12  Marine x3  
  191  16:13  Marine x4  
  191  16:14  Marine  
Tags
 
Add a new tag
Caveats
  • Supply blocks, unpowered buildings, or Contaminate may cause inaccurate times.
  • Supply counts are checked every 10 seconds.